General information
- name: BNet
- type: Ladder team game (AT/RT)
- host: Battle.net
- saver: Noinu
map: ExcavationSite
- players: 4
- length: 15:30
- speed: Fast
- version: 1.21 W3XP
- replay type: Public
» download(59 KB)
Players
team 1 (loser)
betamon22 (
green | 50 APM | 775 actions | 15:28)
4 Tauren Chieftain
2 War Stomp
2 Endurance Aura
1 Shadow Hunter
1 Hex
» actions
| Basic commands | 11 | |
| Build / train | 43 | |
| Enter build submenu | 20 | |
| Enter hero's abilities submenu | 5 | |
| Give item / drop item | 2 | |
| Right click | 432 | |
| Select / deselect | 210 | |
| Use ability | 52 | |
775 total
» units
» upgrades
| Melee Weapons | 2 | |
| Armor | 2 | |
| Berserker Strength | 1 | |
| Ensnare | 1 | |
6 total
» buildings
| Altar of Storms | 1 | |
| Orc Burrow | 5 | |
| Barracks | 1 | |
| Voodoo Lounge | 1 | |
| War Mill | 1 | |
| Stronghold | 1 | |
| Watch Tower | 6 | |
| Beastiary | 1 | |
| Great Hall | 2 | |
| Fortress | 1 | |
20 total
» build order
00:03 Altar of Storms
00:05 Orc Burrow
00:56 Barracks
01:30 Orc Burrow
01:46 Voodoo Lounge
03:47 War Mill
04:51 Stronghold
05:03 Watch Tower
05:38 Orc Burrow
06:36 Watch Tower
07:46 Beastiary
09:08 Watch Tower
09:31 Orc Burrow
10:12 Great Hall
10:42 Fortress
11:06 Watch Tower
11:28 Orc Burrow
14:46 Great Hall
15:04 Watch Tower
15:19 Watch Tower
» items
| Healing Salve | 5 | |
| Scroll of Speed | 1 | |
6 total
Enferism69 (
teal | 41 APM | 627 actions | 15:20)
3 Demon Hunter
1 Evasion
2 Mana Burn
2 Keeper of the Grove
1 Entangling Roots
1 Thorns Aura
1 Priestess of the Moon
1 Scout
» actions
| Assign group hotkey | 10 | |
| Basic commands | 3 | |
| Build / train | 44 | |
| Enter build submenu | 15 | |
| Enter hero's abilities submenu | 6 | |
| Give item / drop item | 2 | |
| Remove unit from queue | 1 | |
| Right click | 207 | |
| Select / deselect | 99 | |
| Select group hotkey | 209 | |
| Use ability | 31 | |
627 total
» units
| Wisp | 18 | |
| Archer | 4 | |
| Mountain Giant | 2 | |
| Druid of the Claw | 1 | |
| Goblin Shredder | 1 | |
26 total
» upgrades
| Strength of the Moon | 1 | |
| Druid of the Claw Training | 2 | |
| Strength of the Wild | 1 | |
| Mark of the Claw | 1 | |
5 total
» buildings
| Altar of Elders | 1 | |
| Moon Well | 6 | |
| Ancient of War | 1 | |
| Hunter's Hall | 1 | |
| Ancient Protector | 2 | |
| Tree of Ages | 1 | |
| Ancient of Wonders | 1 | |
| Ancient of Lore | 2 | |
| Tree of Eternity | 1 | |
16 total
» build order
00:08 Altar of Elders
00:13 Moon Well
00:51 Ancient of War
01:14 Moon Well
02:01 Moon Well
02:38 Hunter's Hall
03:44 Ancient Protector
03:52 Ancient Protector
04:26 Tree of Ages
04:53 Ancient of Wonders
06:09 Moon Well
07:09 Ancient of Lore
07:30 Tree of Eternity
09:05 Ancient of Lore
09:07 Tree of Eternity
09:43 Moon Well
11:13 Moon Well
» items
team 2 (winner)
Noinu (
pink | 43 APM | 670 actions | 15:30)
2 Blademaster
1 Wind Walk
1 Critical Strike
» actions
| Assign group hotkey | 7 | |
| Basic commands | 20 | |
| Build / train | 35 | |
| Enter build submenu | 28 | |
| Enter hero's abilities submenu | 2 | |
| Right click | 141 | |
| Select / deselect | 168 | |
| Select group hotkey | 229 | |
| Use ability | 40 | |
670 total
» units
» upgrades
| Spiked Barricades | 2 | |
| Ranged Weapons | 2 | |
| Liquid Fire | 1 | |
| Reinforced Defenses | 1 | |
| Armor | 1 | |
7 total
» buildings
| Altar of Storms | 1 | |
| Orc Burrow | 4 | |
| War Mill | 2 | |
| Voodoo Lounge | 1 | |
| Watch Tower | 17 | |
| Stronghold | 1 | |
| Beastiary | 2 | |
| Fortress | 1 | |
29 total
» build order
00:05 Altar of Storms
00:06 Orc Burrow
02:18 War Mill
02:46 Orc Burrow
03:37 Voodoo Lounge
03:44 Watch Tower
03:45 Watch Tower
03:46 Watch Tower
03:47 Watch Tower
04:15 Watch Tower
04:51 Watch Tower
05:00 Watch Tower
05:18 Watch Tower
05:46 Stronghold
06:07 Watch Tower
06:23 Watch Tower
07:21 Watch Tower
07:36 Watch Tower
07:57 Orc Burrow
08:16 Beastiary
08:24 Beastiary
08:34 Watch Tower
08:42 Watch Tower
09:44 War Mill
09:56 Watch Tower
10:35 Fortress
10:42 Orc Burrow
11:07 Watch Tower
13:06 Watch Tower
» items
Sylink (
purple | 72 APM | 1116 actions | 15:29)
3 Blademaster
2 Wind Walk
1 Critical Strike
» actions
| Assign group hotkey | 72 | |
| Basic commands | 25 | |
| Build / train | 43 | |
| Enter build submenu | 30 | |
| Enter hero's abilities submenu | 3 | |
| Give item / drop item | 2 | |
| Remove unit from queue | 1 | |
| Right click | 507 | |
| Select / deselect | 144 | |
| Select group hotkey | 244 | |
| Use ability | 45 | |
1116 total
» units
» upgrades
| Spiked Barricades | 2 | |
| Ranged Weapons | 2 | |
| Liquid Fire | 1 | |
| Armor | 1 | |
| Reinforced Defenses | 1 | |
7 total
» buildings
| Altar of Storms | 1 | |
| Orc Burrow | 4 | |
| War Mill | 1 | |
| Voodoo Lounge | 1 | |
| Watch Tower | 16 | |
| Stronghold | 1 | |
| Beastiary | 2 | |
| Fortress | 1 | |
27 total
» build order
00:05 Altar of Storms
00:20 Orc Burrow
01:15 War Mill
02:25 Voodoo Lounge
02:32 Watch Tower
03:04 Watch Tower
03:06 Watch Tower
03:32 Watch Tower
03:42 Orc Burrow
04:13 Watch Tower
04:30 Watch Tower
04:51 Watch Tower
05:18 Watch Tower
05:43 Stronghold
06:00 Watch Tower
06:24 Watch Tower
07:06 Orc Burrow
07:28 Watch Tower
08:07 Beastiary
08:26 Beastiary
08:29 Watch Tower
08:31 Fortress
09:07 Orc Burrow
10:52 Watch Tower
12:08 Watch Tower
12:56 Watch Tower
15:21 Watch Tower
» items
| Healing Salve | 2 | |
| Boots of Speed | 1 | |
| Staff of Teleportation | 1 | |
| Lesser Clarity Potion | 1 | |
5 total
Chat log
(00:10 / All) betamon22: gl hf
(00:13 / All) Sylink: SUCK MY NIPPLES
(00:17 / All) betamon22: laggin pink?
(00:23 / All) betamon22: to bad purp to bad
(00:44 / All) betamon22: hax loaded?
(00:50 / All) Noinu: yes
(00:51 / All) Sylink: >>>
(00:53 / All) Noinu: buying isk
(00:55 / All) Noinu: stfu
(00:55 / All) Sylink: $ YOU ARE A CUNt
(01:03 / All) betamon22: ima enjoy dis purp
(01:09 / All) Noinu: IMA IMA IMA
(01:10 / All) Sylink: I ENJOYED RAPING YOUR GOATS
(01:13 / All) Noinu: SHUT THE FUCK UP
(01:18 / All) betamon22: only thing u ever got huh
(01:23 / All) Sylink: BAHhhhhh
(01:30 / All) Noinu: I speak in idioms
(01:36 / All) Sylink: I speak in anagrams
(01:38 / All) Noinu: IMA HUH
(01:40 / All) Sylink: nutc
(01:42 / All) Enferism69: Sausages.....Sausages..
(02:04 / All) Noinu: CKIL YM SAS
(02:17 / All) Sylink: kusc ym llasb
(02:40 / All) betamon22: wateven happend to good sportsmanship
(02:46 / All) Sylink: its in korea
(02:52 / All) Sylink: outsourced
(02:55 / All) Noinu: JLLK NGGIA
(03:30 / All) Sylink: SHANKED
(03:54 / All) betamon22: the things we do for love
(04:01 / All) Sylink: like your dad and your mom i know rite
(05:27 / All) Noinu: INVISIBLE RAPE MAN LOL
(15:24 / All) Noinu: bye dear
(15:29 / All) Sylink: hahaha faggots